AoeStats
← [CRX] SMURFVENKOV

Arena

506170412Analyzed
1v1 RM · 20d ago on Sep 12, 2026· 48m 20s· 2 players
Game mode
Random Map
Map size
Tiny (2 player)
Population
200
Speed
Normal
Resources
Standard
Victory
Conquest
Starting age
Dark Age
Ending age
Imperial Age
RankedLock teamsTeams togetherTeam positionsShared explorationLock speedFull tech treeHidden civsTurbo modeCheats
Victory
Defeat
🇨🇴 Bohemians · Colombia
1526
+18
🇲🇽 Sicilians · Mexico
1564
-18
AGE PLAYER
10:56 Feudal Age
10:14 Loom
15:24 Castle Age
13:44 Double-Bit Axe
16:21 Bow Saw
25:05 Fervor
29:59 Wheelbarrow
36:10 Imperial Age
35:38 Chemistry
36:30 Hand Cart
42:25 Padded Archer Armor
43:21 Leather Archer Armor
45:37 Elite Skirmisher
46:48 Ring Archer Armor
[CRX] SMURFVENKOV
0:57 Loom
9:59 Feudal Age
15:19 Fletching
17:49 Double-Bit Axe
22:21 Scale Mail Armor
26:47 Castle Age
26:22 Forging
27:07 Stone Mining
27:10 Gold Mining
28:02 Bodkin Arrow
29:55 Squires
30:28 Chain Mail Armor
39:15 Wheelbarrow
39:46 First Crusade
44:26 Imperial Age
42:10 Padded Archer Armor
42:14 Elite Skirmisher
44:11 Scale Barding Armor
45:23 Ballistics
45:34 Bracer
46:06 Conscription
Connection lost

Rejoining the realm…

Still unreachable

The connection could not be restored.

Session expired

The server has moved on; the page needs a fresh start.